 Dungeon Crawl Stone Soup version 0.30-a0-4-ga7cffc901d (webtiles) character file.

Game seed: 17823073665103895890

275 Setbun the Slicer (level 6, 0/38 HPs)
             Began as a Kobold Brigand on Aug 20, 2022.
             Slain by an endoplasm (3 damage)
             ... on level 3 of the Dungeon on Aug 21, 2022.
             The game lasted 00:03:14 (2978 turns).

Setbun the Slicer (Kobold Brigand)                  Turns: 2978, Time: 00:03:15

Health: 0/38       AC: -1    Str:  8    XL:     6   Next: 50%
Magic:  5/5        EV: 14    Int: 12    God:
Gold:   198        SH:  0    Dex: 19    Spells: 5/5 levels left

rFire   . . .      SeeInvis .    a - +2 dagger
rCold   . . .      Faith    .    (no shield)
rNeg    . . .      Spirit   .    b - +0 robe
rPois   .          Reflect  .    (no helmet)
rElec   .          Harm     .    c - +0 cloak
rCorr   .          Rampage  .    (no gloves)
Will    +....                    (no boots)
Stlth   ++++......               (no amulet)
HPRegen 0.12/turn                (no ring)
MPRegen 0.09/turn                (no ring)

@: corroded
A: small, no large weapons, nightstalker 3, low MP 1, strong-willed 1, robust 1
a: no special abilities


You were on level 3 of the Dungeon.
You visited 1 branch of the dungeon, and saw 3 of its levels.

You collected 198 gold pieces.

Inventory:

Hand Weapons
 a - a +2 dagger (weapon)
 f - a +0 dagger of venom
Missiles
 d - 14 poisoned darts (quivered)
 e - 3 curare-tipped darts
 g - 2 throwing nets
Armour
 b - a +0 robe (worn)
 c - a +0 cloak (worn)
Jewellery
 m - a +6 ring of dexterity
 u - a ring of wizardry
Scrolls
 i - a scroll of poison
 l - a scroll of identify
 n - 2 scrolls of noise {unknown}
 o - 2 scrolls of amnesia {unknown}
 p - a scroll of magic mapping {unknown}
 q - a scroll of acquirement {unknown}
 r - a scroll of enchant weapon {unknown}
 v - 2 scrolls of teleportation {unknown}
Potions
 h - a potion of brilliance
 k - a potion of attraction


   Skills:
 - Level 2.1 Fighting
 + Level 8.4 Short Blades
 - Level 2.1 Throwing
 - Level 1.2 Dodging
 - Level 5.3 Stealth


You had 5 spell levels left.
You didn't know any spells.
Your spell library contained the following spells:

 Spells                   Type           Power      Damage    Failure   Level
 Necrotise                Necr           0%         1d4       32%         1
 Conjure Flame            Conj/Fire      0%         6-21      69%         3
 Ignite Poison            Fire/Tmut/Pois 0%         N/A       69%         3
 Vampiric Draining        Necr           0%         2d6       69%         3
 Sticky Flame             Conj/Fire      0%         2d3       97%         4
 Agony                    Necr           0%         N/A       100%        5


Dungeon Overview and Level Annotations

Branches:
Dungeon (3/15)

Altars:
Uskayaw

Annotations:
D:3 1 transporter, SensoryNuts's ghost, amateur GrGl


Innate Abilities, Weirdness & Mutations

You are small and have problems with some larger weapons.
You are completely attuned to the shadows.
Your magical capacity is low. (-10% MP)
You are strong-willed. (Will+)
You are robust. (+10% HP)


Message History

The jelly closely misses you.
You hit the jelly.
Your hands burn!
The jelly is lightly wounded.
The jelly quivers.
You hit the jelly.
Your hands burn!
The jelly is moderately wounded.
The jelly hits you. The acid corrodes you!
You are splashed with acid!
You are too injured to fight recklessly!
You are too injured to fight recklessly!
You are too injured to fight recklessly!
You are too injured to fight recklessly!
You are too injured to fight recklessly!
You are too injured to fight recklessly!
You are too injured to fight recklessly!
You are too injured to fight recklessly!
You are too injured to fight recklessly!
You are too injured to fight recklessly!
You are too injured to fight recklessly!
You are too injured to fight recklessly!
You are too injured to fight recklessly!
You are too injured to fight recklessly!
You are too injured to fight recklessly!
You are too injured to fight recklessly!
You are too injured to fight recklessly!
The jelly attacks as you move away! The jelly hits you.
* * * LOW HITPOINT WARNING * * *
You are splashed with acid!
* * * LOW HITPOINT WARNING * * *
There is an open door here.
Okay, then.
Throw: 14 darts (poison)
Press: ? - help, Q - select action, (/) - cycle Shift-Dir - straight line, f - endoplasm
Aim: an endoplasm (87% to hit)
Okay, then.
As you read the scroll labelled GIUGET LULOMNI, it crumbles to dust.
It is a scroll of identify.
i - a scroll of poison The jelly closely misses you.
The jelly completely misses you. The endoplasm hits you.
You die...

.....#
#.......##...##########.
.....#
#.......###..##.........
.....# #.......#
#..##......... .....#
#..(....# #.............
.....# ####....#
#..#.......... ######
##..'..).#
##.#.........)
#.######## #............
##.....)## #............
#######@## #....>..#####
...JJJ# #....##.#
.J..J.# #....##.#
P...P÷# #....##.#
..PJ..# #.#####.#
..P...# #.#####.#
#.......# #########


You could see 3 jellies and 3 endoplasms.

Vanquished Creatures
  Sigmund (D:2)
  Terence (D:2)
  4 adders
  4 dart slugs
  4 endoplasms
  3 giant cockroaches
  6 goblins
  3 hobgoblins
  4 ball pythons
  A bat (D:2)
  4 frilled lizards
  12 kobolds
  5 rats
52 creatures vanquished.

Vanquished Creatures (others)
  A giant cockroach (D:1)
  6 toadstools (D:3)
7 creatures vanquished.

Grand Total: 59 creatures vanquished

Notes
Turn   | Place    | Note
-------+----------+-------------------------------------------
     0 | D:1      | Setbun the Kobold Brigand began the quest for the Orb.
     0 | D:1      | Reached XP level 1. HP: 12/12 MP: 1/1
   193 | D:1      | Reached skill level 3 in Short Blades
   248 | D:1      | Reached XP level 2. HP: 17/17 MP: 2/2
   321 | D:1      | Reached skill level 4 in Short Blades
  1077 | D:2      | Reached XP level 3. HP: 21/21 MP: 3/3
  1240 | D:2      | Noticed Terence
  1244 | D:2      | Killed Terence
  1245 | D:2      | Reached skill level 5 in Short Blades
  1245 | D:2      | Reached XP level 4. HP: 26/26 MP: 4/4
  1562 | D:2      | Noticed Sigmund
  1598 | D:2      | Killed Sigmund
  1599 | D:2      | Reached skill level 8 in Short Blades
  1599 | D:2      | Reached XP level 5. HP: 14/30 MP: 5/5
  1599 | D:2      | Reached XP level 6. HP: 16/35 MP: 6/6
  1844 | D:2      | Found a faded altar of an unknown god.
  2581 | D:3      | Found a hide-covered altar of Uskayaw.
  2666 | D:3      | Noticed an ogre
  2671 | D:3      | Noticed SensoryNuts's ghost (amateur GrGl)
  2672 | D:3      | Found a transporter.
  2718 | D:3      | Gained mutation: You are robust. (+10% HP) [potion of
                  | mutation]
  2718 | D:3      | Gained mutation: Your magical capacity is low. (-10% MP)
                  | [potion of mutation]
  2718 | D:3      | Gained mutation: You are strong-willed. (Will+) [potion of
                  | mutation]
  2978 | D:3      | Slain by an endoplasm

Illustrated notes

Levels and vault maps discovered:
D:1:      erik_arrival_cave_to_civilisation [erik_arrival_cave_to_hall],
          layout_rooms, chequers_serial_rivers_large_a, minmay_bisected
D:2:      layout_loops_ring, shapermc_ecumenical_altar_notcrosses,
          minmay_small_reverse_x, uniq_sigmund, uniq_terence
D:3:      cheibrodos_fertilizer, layout_basic,
          mainiacjoe_overflow_concentric_impassable, gammafunk_ghost_smash

Skill      XL: |  1  2  3  4 |
---------------+-------------+-----
Short Blades   | 3 4 5 8 |  8.4
Fighting       | |  2.1
Throwing       | |  2.1
Dodging        | |  1.2
Stealth        | |  5.3

Action                   |  1- 3 |  4- 6 || total
-------------------------+-------+-------++-------
Melee: Dagger            |    52 |   117 ||   169
       Punch             |       |     3 ||     3
  Use: Potion            |       |     8 ||     8
       Scroll            |       |     1 ||     1
 Stab: Sleeping          |    13 |    12 ||    25
Armor: Robe              |     3 |     7 ||    10
       Skin              |       |   101 ||   101
Dodge: Dodged            |    26 |    65 ||    91

Table legend: (Time is in decaauts)
 A = Elapsed time spent in this place.
 B = Non-inter-level travel time spent in this place.
 C = Inter-level travel time spent in this place.
 D = Time resting spent in this place.
 E = Time spent auto-exploring this place.
 F = Levels seen in this place.
 G = Mean time per level.
                   A        B        C        D        E       F      G
               +--------+--------+--------+--------+--------+-----+--------+
         Total |   2917 |   2879 |     38 |    331 |   2155 |   3 |  972.3 |
       Dungeon |   2917 |   2879 |     38 |    331 |   2155 |   3 |  972.3 |
               +--------+--------+--------+--------+--------+-----+--------+

Top non-repeatable levels by time:
     D:1: 1045 daAuts
     D:2: 941 daAuts
     D:3: 930 daAuts
